 Dungeon Crawl Stone Soup version 0.27-a0-1519-gc8121b2 (webtiles) character file.

Game seed: 8608705377575330710

1946 Think the Slicer (level 9, 0/56 HPs)
             Began as an Octopode Fighter on June 19, 2021.
             Was a Priest of Makhleb.
             Slain by a sky beast (6 damage)
             ... on level 7 of the Dungeon on July 10, 2021.
             The game lasted 00:34:50 (7383 turns).

Think the Slicer (Octopode Fighter)                 Turns: 7383, Time: 00:34:50

Health: 0/56       AC:  1    Str: 16    XL:     9   Next: 18%
Magic:  18/18      EV: 11    Int: 10    God:    Makhleb [***...]
Gold:   347        SH:  8    Dex: 12    Spells: 7/8 levels left

rFire    . . .     SeeInvis .   a - +0 rapier
rCold    . . .     Faith    .   b - +0 kite shield
rNeg     . . .     Spirit   .   (helmet restricted)
rPois    .         Reflect  .   e - amulet of the acrobat
rElec    .         Harm     .   k - +4 ring of slaying
rCorr    .         Rampage  .   v - ring of magical power
Will     .....                  (no ring)
Stlth    +++.......             (no ring)
HPRegen  0.18/turn              (no ring)
MPRegen  0.16/turn              (no ring)
                                (no ring)
                                (no ring)

@: hasted, very quick
A: almost no armour, amphibious, 8 rings, camouflage 1, gelatinous body 1,
(nimble swimmer 1), tentacles, dopey 1
a: Renounce Religion, Minor Destruction, Lesser Servant of Makhleb


You were on level 7 of the Dungeon.
You worshipped Makhleb.
Makhleb was most pleased with you.
You visited 2 branches of the dungeon, and saw 8 of its levels.

You collected 347 gold pieces.

Inventory:

Hand Weapons
 a - a +0 rapier (weapon)
 C - a +1 vampiric scythe
Missiles
 h - 2 curare-tipped darts (quivered)
Armour
 b - a +0 kite shield (worn)
Jewellery
 c - a ring of protection from cold
 e - an amulet of the acrobat (around mantle)
 k - a +4 ring of slaying (left tentacle)
 v - a ring of magical power (right tentacle)
Wands
 o - a wand of digging (5)
 r - a wand of acid (8)
 x - a wand of flame (23)
 y - a wand of iceblast (11)
Scrolls
 g - a scroll of enchant armour
 i - 2 scrolls of teleportation
 l - a scroll of holy word {unknown}
 m - a scroll of blinking {unknown}
 s - 2 scrolls of enchant weapon
 u - a scroll of summoning {unknown}
 w - a scroll of immolation {unknown}
 z - a scroll of fear {unknown}
 B - a scroll of magic mapping {unknown}
Potions
 f - a potion of berserk rage {unknown}
 j - a potion of attraction {unknown}
 n - 2 potions of degeneration
 p - 2 potions of mutation {unknown}
 t - a potion of lignification
 A - a potion of brilliance {unknown}


   Skills:
 * Level 3.1 Fighting
 - Level 10.0 Short Blades
 + Level 0.1 Polearms
 + Level 3.0 Dodging
 + Level 4.1 Stealth
 * Level 3.1 Shields
 + Level 4.0 Conjurations
 - Level 2.0 Fire Magic
 + Level 0.4 Invocations
 + Level 2.1 Evocations


You had 7 spell levels left.
You knew the following spells:

 Your Spells              Type           Power      Damage    Failure   Level
a - Foxfire               Conj/Fire      24%        2x1d5     45%         1

Your spell library contained the following spells:

 Spells                   Type           Power      Damage    Failure   Level
 Magic Dart               Conj           32%        1d4       34%         1
 Searing Ray              Conj           16%        3d3       45%         2
 Apportation              Tloc           0%         N/A       87%         1
 Summon Small Mammal      Summ           0%         N/A       87%         1
 Dazzling Flash           Conj/Hex       8%         N/A       93%         3
 Call Imp                 Summ           0%         N/A       95%         2
 Call Canine Familiar     Summ           0%         N/A       99%         3
 Summon Guardian Golem    Hex/Summ       0%         N/A       99%         3
 Teleport Other           Tloc           0%         N/A       99%         3
 Fulminant Prism          Conj/Hex       2%         3d6       100%        4
 Iskenderun's Mystic Bla  Conj/Tloc      4%         2d3       100%        4
 Summon Ice Beast         Ice/Summ       0%         N/A       100%        4
 Summon Lightning Spire   Summ/Air       0%         N/A       100%        4
 Manifold Assault         Tloc           0%         N/A       100%        5
 Dispersal                Tloc           0%         N/A       100%        6


Dungeon Overview and Level Annotations

Branches:
Dungeon (7/15)             Temple (1/1) D:6

Altars:
Cheibriados
Gozag
Makhleb
Nemelex Xobeh
Okawaru
Qazlal
Trog
Uskayaw
The Shining One

Shops:
D:4 :

Annotations:
D:5 5 runed translucent doors


Innate Abilities, Weirdness & Mutations

You cannot wear most types of armour.
You are amphibious.
You can wear up to eight rings at the same time.
Your skin changes colour to match your surroundings (Stealth+).
Your rubbery body absorbs attacks. (AC +1, EV +1)
((You are camouflaged near water. (Stealth+)))
You have tentacles for arms and can constrict up to eight enemies at once.
You are dopey. (Int -2)


Message History

a +0 dagger; an orc corpse You puncture the orc wizard!
You grab the orc wizard.
The orc wizard is heavily wounded.
You constrict the orc wizard, but do no damage.
The orc wizard completely misses you.
You hit the orc wizard.
The orc wizard is almost dead.
You constrict the orc wizard.
You kill the orc wizard!
Makhleb accepts your kill.
You feel better.
There is a stone staircase leading up, spattered with blood here.
Things that are here:
a +0 dagger; a +0 robe
Found a ring mail.
A sky beast comes into view.
Found 2 potions of curing.
Found 18 sling bullets.
The sky beast misses you.
You hit the sky beast but do no damage. The sky beast barely misses you.
You closely miss the sky beast. Your squeeze misses the sky beast.
The sky beast hits you. The sky beast shocks you.
You miss the sky beast. The sky beast hits you. The sky beast shocks you.
You hit the sky beast but do no damage. Your squeeze misses the sky beast.
You closely miss the sky beast.
The sky beast flickers out of sight!
Deactivating autopickup; reactivate with Ctrl-A.
Something hits you. Something shocks you.
You miss something. Your squeeze misses something. Something hits you.
Something shocks you.
You barely miss something. Your squeeze misses something. Something hits you.
Something shocks you.
* * * LOW HITPOINT WARNING * * *
You feel better. Something hits you.
* * * LOW HITPOINT WARNING * * *
Something shocks you.
* * * LOW HITPOINT WARNING * * *
You feel yourself speed up. Something hits you.
* * * LOW HITPOINT WARNING * * *
Something shocks you.
You die...

#.[. ###.#.....## .##
.#.##.##........... ....
.#.............# ##....
....####.#.#...###.....#
... #.#.#.......# ...
..#.####.#.#.......#..#.
.....)<....#..?........(
#...###......[.........#
.........####...@.......
#...............{..#.!##
..######.#####....##..#
#. #.# #.#.## .# # ...
....# # #.. ......
#...#.###.## #.#... ..#


There were no monsters in sight!

Vanquished Creatures
  Sigmund (D:6)
  Edmund (D:4)
  Menkaure (D:5)
  A hornet zombie (D:5)
  2 necrophages
  2 ogres
  A centaur (D:6)
  A bullfrog (D:6)
  A scorpion (D:5)
  A water moccasin skeleton (D:6)
  8 wights
  A centaur zombie (D:5)
  2 jellies
  A bullfrog zombie (D:5)
  Crazy Yiuf (D:2)
  3 orc priests
  A bullfrog skeleton (D:6)
  5 orc wizards
  Natasha (D:2)
  3 adders (D:4)
  A shadow imp (D:6)
  An adder skeleton (D:4)
  A worm (D:2)
  6 dart slugs
  11 orcs
  8 ball pythons
  6 endoplasms
  2 giant cockroaches (D:1)
  10 goblins
  8 hobgoblins
  8 jackals (D:3)
  6 kobolds
  2 quokkas (D:4)
  7 bats
  4 frilled lizards
  4 rats
123 creatures vanquished.

Vanquished Creatures (others)
  20 foxfires
20 creatures vanquished.

Grand Total: 143 creatures vanquished

Notes
Turn   | Place    | Note
-------+----------+-------------------------------------------
     0 | D:1      | Think the Octopode Fighter began the quest for the Orb.
     0 | D:1      | Reached XP level 1. HP: 16/16 MP: 1/1
   169 | D:1      | Reached XP level 2. HP: 21/21 MP: 2/2
   278 | D:1      | Reached skill level 3 in Short Blades
   441 | D:1      | Reached XP level 3. HP: 26/26 MP: 3/3
   499 | D:1      | Identified the Collected Works on the Scorching Voyage
   503 | D:1      | Learned a level 1 spell: Foxfire
   834 | D:2      | Found a stormy altar of Qazlal.
  1319 | D:2      | Noticed a golden eye
  1321 | D:2      | Found a faded altar of an unknown god.
  1323 | D:2      | Noticed a golden eye
  1323 | D:2      | Noticed a shining eye
  1323 | D:2      | Noticed a great orb of eyes
  1336 | D:2      | Became a worshipper of Makhleb the Destroyer
  1336 | D:2      | Reached * piety under Makhleb
  1483 | D:2      | Noticed Natasha
  1488 | D:2      | Killed Natasha
  1489 | D:2      | Reached skill level 4 in Short Blades
  1489 | D:2      | Reached skill level 1 in Conjurations
  1489 | D:2      | Reached XP level 4. HP: 27/31 MP: 4/4
  1746 | D:2      | Found a runed translucent door.
  1747 | D:2      | Noticed Crazy Yiuf
  1857 | D:2      | Killed Crazy Yiuf
  2436 | D:3      | Reached XP level 5. HP: 17/36 MP: 5/5
  2683 | D:3      | Reached skill level 5 in Short Blades
  2966 | D:3      | Reached ** piety under Makhleb
  3452 | D:4      | Reached XP level 6. HP: 42/42 MP: 6/6
  3469 | D:4      | Found Sialisis's Book Emporium.
  3565 | D:4      | Noticed a necrophage
  3567 | D:4      | Noticed Edmund
  3578 | D:4      | Killed a necrophage
  3585 | D:4      | Killed Edmund
  3586 | D:4      | Reached skill level 6 in Short Blades
  3586 | D:4      | Reached XP level 7. HP: 37/46 MP: 7/7
  3825 | D:4      | Gained mutation: You are dopey. (Int -2) [mutagenic glow]
  4295 | D:5      | Entered Level 5 of the Dungeon
  4295 | D:5      | Noticed Menkaure
  4308 | D:4      | Reached skill level 1 in Fire Magic
  4888 | D:5      | Found an iron altar of Okawaru.
  4900 | D:5      | Reached skill level 1 in Stealth
  5034 | D:5      | Killed Menkaure
  5035 | D:5      | Reached skill level 7 in Short Blades
  5035 | D:5      | Reached skill level 1 in Evocations
  5058 | D:5      | Reached XP level 8. HP: 31/52 MP: 8/8
  5188 | D:5      | Found a hide-covered altar of Uskayaw.
  5434 | D:5      | Found a runed translucent door.
  5439 | D:5      | Found a runed translucent gate.
  5440 | D:5      | Noticed a redback
  5441 | D:5      | Found a runed translucent gate.
  5441 | D:5      | Found a runed translucent gate.
  5443 | D:5      | Noticed a redback
  5450 | D:5      | Found a runed translucent door.
  5458 | D:5      | Found the +9 staff of Olgreb {rPois∞}
  6058 | D:6      | Reached skill level 8 in Short Blades
  6305 | D:6      | Found a staircase to the Ecumenical Temple.
  6312 | Temple   | Entered the Ecumenical Temple
  6350 | D:6      | Reached skill level 9 in Short Blades
  6538 | D:6      | Reached *** piety under Makhleb
  6704 | D:6      | Noticed Sigmund
  6722 | D:6      | Killed Sigmund
  6723 | D:6      | Reached XP level 9. HP: 16/56 MP: 9/9
  7061 | D:6      | Found a snail-covered altar of Cheibriados.
  7061 | D:6      | Found a sparkling altar of Nemelex Xobeh.
  7063 | D:6      | Found a glowing golden altar of the Shining One.
  7111 | D:6      | Found a bloodstained altar of Trog.
  7117 | D:6      | Reached skill level 10 in Short Blades
  7118 | D:6      | Upgraded the game from 0.27-a0-1312-g5cdb2b3 to
                  | 0.27-a0-1519-gc8121b2
  7383 | D:7      | Slain by a sky beast

Illustrated notes

Levels and vault maps discovered:
D:1:      lightli_arrival_farm, layout_rooms, minmay_crystal_room,
          minmay_misc_feat_four_crosses, palyth_stone_intersect,
          minmay_indecisive_spiral
D:2:      layout_basic, hellmonk_ecumenical_altar_watching_god, basic_altar,
          minmay_misc_feat_rugged, uniq_crazy_yiuf_cottage, uniq_natasha
D:3:      layout_basic, serial_rivers, chequers_serial_rivers_micro_e,
          chequers_serial_rivers_large_b, chequers_serial_rivers_marsh,
          chequers_serial_rivers_small_a, chequers_serial_rivers_room_b,
          chequers_serial_rivers_room_a
D:4:      layout_basic, serial_shops, nicolae_diamond_shop, minmay_between,
          uniq_edmund
D:5:      layout_rooms, nicolae_overflow_crystal_walls, kennysheep_mini_moat,
          minmay_guarded_unrand_staff_of_olgreb, uniq_menkaure
D:6:      layout_basic, lightli_temple_of_fire, minitemple,
          minmay_temple_entry_drinking_statues, uniq_sigmund
D:7:      layout_loops_ring, general_overflow_altar
Temple:   dshaligram_water_room_temple

Skill      XL: |  1  2  3  4  5  6  7  8  9 |
---------------+----------------------------+-----
Short Blades   | 3 4 5 6 7 9 10 | 10.0
Conjurations   | 1 2 3 4 |  4.0
Fire Magic     | 1 2 |  2.0
Stealth        | 2 4 |  4.1
Evocations     | 1 2 |  2.1
Fighting       | |  3.1
Polearms       | |  0.1
Dodging        | |  3.0
Shields        | |  3.1
Invocations    | |  0.4

Action                   |  1- 3 |  4- 6 |  7- 9 || total
-------------------------+-------+-------+-------++-------
Melee: Rapier            |    59 |    82 |   106 ||   247
       Constrict         |    12 |    23 |    22 ||    57
       Tentacles         |     5 |    19 |    26 ||    50
 Cast: Foxfire           |       |       |    12 ||    12
Invok: Minor Destruction |       |       |     1 ||     1
  Use: Potion            |     1 |     1 |     9 ||    11
       Scroll            |       |       |     4 ||     4
 Stab: Sleeping          |     3 |     3 |     8 ||    14
       Distracted        |       |     1 |     1 ||     2
Armor: Skin              |     3 |     4 |     3 ||    10
Dodge: Dodged            |    25 |    39 |    44 ||   108
Block: Kite shield       |    24 |    36 |    39 ||    99

Table legend: (Time is in decaauts)
 A = Elapsed time spent in this place.
 B = Non-inter-level travel time spent in this place.
 C = Inter-level travel time spent in this place.
 D = Time resting spent in this place.
 E = Time spent auto-exploring this place.
 F = Levels seen in this place.
 G = Mean time per level.
                   A        B        C        D        E       F      G
               +--------+--------+--------+--------+--------+-----+--------+
         Total |   7409 |   7135 |    274 |   2009 |   4175 |   8 |  926.1 |
       Dungeon |   7395 |   7121 |    274 |   2009 |   4175 |   7 | 1056.4 |
        Temple |     13 |     13 |      0 |      0 |      0 |   1 |   13.0 |
               +--------+--------+--------+--------+--------+-----+--------+

Top non-repeatable levels by time:
     D:4: 1504 daAuts
     D:6: 1429 daAuts
     D:2: 1348 daAuts
     D:3: 1157 daAuts
     D:5: 1070 daAuts
     D:1: 827 daAuts
     D:7: 57 daAuts
  Temple: 13 daAuts
